TOP OF THE 1ST |
Washington Whalers batting - Pitching for Medford Alouettes : RHP Cruz Flores
|
Pitching: RHP Cruz Flores
|
|
Batting: RHB Bill Galdamez
|
0-0: Called Strike 0-1: Foul Ball, location: 23FF 0-2: Ball 1-2: Strikes out swinging
|
Batting: RHB Brian Steil
|
0-0: Swinging Strike 0-1: Fly out, F7 (Flyball, 78M, EV 91.9 MPH)
|
Batting: LHB Caleb Mattingly
|
0-0: Foul Ball, location: 5FF 0-1: Ball 1-1: Foul Ball, location: 25F 1-2: Ball 2-2: Foul Ball, location: 2F 2-2: Ball 3-2: Foul Ball, location: 7LDF 3-2: Foul Ball, location: 9LSF 3-2: Strikes out swinging
|
Top of the 1st over - 0 runs, 0 hits, 0 errors, 0 left on base; Washington 0 - Medford 0 |
BOTTOM OF THE 1ST |
Medford Alouettes batting - Pitching for Washington Whalers : RHP Jon Large
|
Pitching: RHP Jon Large
|
|
Batting: RHB Omar Sosa
|
0-0: Ball 1-0: Called Strike 1-1: Foul Ball, location: 9LMF 1-2: SINGLE (Line Drive, 8LS, EV 96.9 MPH)
|
Batting: SHB Luis Medina
|
0-0: Called Strike 0-1: Ball Omar Sosa steals 2nd base 1-1: Ball 2-1: Ball 3-1: SINGLE (Line Drive, 7S, EV 101.9 MPH) Omar Sosa to third
|
Batting: RHB Brandon Murray
|
0-0: Called Strike 0-1: Called Strike 0-2: Ball 1-2: Ball 2-2: Ball 3-2: Strikes out swinging
|
Batting: RHB Bob Sellers
|
0-0: Foul Ball, location: 5F 0-1: Swinging Strike 0-2: Ball 1-2: Strikes out swinging
|
Batting: RHB Pablo Felix
|
0-0: Called Strike 0-1: Foul Ball, location: 9LMF 0-2: Foul Ball, location: 2F 0-2: Ball 1-2: Foul Ball, location: 9LMF 1-2: Strikes out looking
|
Bottom of the 1st over - 0 runs, 2 hits, 0 errors, 2 left on base; Washington 0 - Medford 0 |
TOP OF THE 2ND |
Washington Whalers batting - Pitching for Medford Alouettes : RHP Cruz Flores
|
Batting: LHB Antonio Velez
|
0-0: Foul Ball, location: 5DF 0-1: Ball 1-1: Foul Ball, location: 2F 1-2: Strikes out swinging
|
Batting: RHB Michinobu Umetsu
|
0-0: Called Strike 0-1: Ball 1-1: Called Strike 1-2: Ball 2-2: TRIPLE (Groundball, 3L, EV 107.5 MPH)
|
Batting: LHB Matt DeVito
|
0-0: Fly out, F8 (Flyball, 8LM, EV 84.4 MPH) Runner from 3rd tags up, SCORES, throw by CF
|
Batting: RHB Nick Baker
|
0-0: Ball 1-0: Foul Ball, location: 2F 1-1: Fly out, F7 (Flyball, 7D, EV 105.0 MPH)
|
Top of the 2nd over - 1 run, 1 hit, 0 errors, 0 left on base; Washington 1 - Medford 0 |
BOTTOM OF THE 2ND |
Medford Alouettes batting - Pitching for Washington Whalers : RHP Jon Large
|
Batting: RHB Allen Woodall
|
0-0: Fly out, F4 (Popup, 4, EV 55.6 MPH)
|
Batting: RHB Chris Armstrong
|
0-0: Fly out, F8 (Flyball, 8RD, EV 91.9 MPH)
|
Batting: RHB Zion Cummings
|
0-0: Fly out, F3 (Popup, 3F, EV 67.5 MPH)
|
Bottom of the 2nd over - 0 runs, 0 hits, 0 errors, 0 left on base; Washington 1 - Medford 0 |
TOP OF THE 3RD |
Washington Whalers batting - Pitching for Medford Alouettes : RHP Cruz Flores
|
Batting: LHB Humberto Avello
|
0-0: Called Strike 0-1: Ball 1-1: Swinging Strike 1-2: Ball 2-2: SINGLE (Line Drive, 8LS, EV 103.8 MPH)
|
Batting: RHB Steven Estes
|
0-0: Sac Bunt to 15S - play at first, batter OUT! 1-3 Humberto Avello to second
|
Batting: RHB Bill Galdamez
|
0-0: Fly out, F9 (Flyball, 89M, EV 86.3 MPH)
|
Batting: RHB Brian Steil
|
0-0: Called Strike 0-1: Ball 1-1: Called Strike 1-2: Strikes out swinging
|
Top of the 3rd over - 0 runs, 1 hit, 0 errors, 1 left on base; Washington 1 - Medford 0 |
BOTTOM OF THE 3RD |
Medford Alouettes batting - Pitching for Washington Whalers : RHP Jon Large
|
Batting: RHB Bobby Parrish
|
0-0: Foul Ball, location: 3DF 0-1: Foul Ball, location: 3FF 0-2: Foul Ball, location: 2F 0-2: Fly out, F7 (Flyball, 7, EV 92.5 MPH)
|
Batting: RHB Omar Sosa
|
0-0: Ball 1-0: Called Strike 1-1: Foul Ball, location: 25F 1-2: Ground out 4-3 (Groundball, 4M, EV 92.5 MPH)
|
Batting: SHB Luis Medina
|
0-0: Ball 1-0: Foul Ball, location: 3SF 1-1: Ball 2-1: Fly out, F9 (Flyball, 9, EV 83.8 MPH)
|
Bottom of the 3rd over - 0 runs, 0 hits, 0 errors, 0 left on base; Washington 1 - Medford 0 |
TOP OF THE 4TH |
Washington Whalers batting - Pitching for Medford Alouettes : RHP Cruz Flores
|
Batting: LHB Caleb Mattingly
|
0-0: Fly out, F8 (Flyball, 78D, EV 104.4 MPH)
|
Batting: LHB Antonio Velez
|
0-0: Fly out, F9 (Line Drive, 9D, EV 106.3 MPH)
|
Batting: RHB Michinobu Umetsu
|
0-0: Called Strike 0-1: Ball 1-1: Swinging Strike 1-2: Ball 2-2: Ball 3-2: Base on Balls
|
Batting: LHB Matt DeVito
|
0-0: Ball 1-0: Foul Ball, location: 3SF 1-1: Ball 2-1: Foul Ball, location: 7LDF 2-2: Fly out, F8 (Flyball, 8RM, EV 73.8 MPH)
|
Top of the 4th over - 0 runs, 0 hits, 0 errors, 1 left on base; Washington 1 - Medford 0 |
BOTTOM OF THE 4TH |
Medford Alouettes batting - Pitching for Washington Whalers : RHP Jon Large
|
Batting: RHB Brandon Murray
|
0-0: Foul Ball, location: 9LSF 0-1: Swinging Strike 0-2: Foul Ball, location: 9LMF 0-2: Foul Ball, location: 2F 0-2: Strikes out swinging
|
Batting: RHB Bob Sellers
|
0-0: Called Strike 0-1: Called Strike 0-2: Ball 1-2: Ball 2-2: Ball 3-2: Base on Balls
|
Batting: RHB Pablo Felix
|
0-0: Called Strike 0-1: Ball 1-1: Ball Wild Pitch! Bob Sellers to second 2-1: Called Strike 2-2: Strikes out swinging
|
Batting: RHB Allen Woodall
|
0-0: Called Strike 0-1: Ball 1-1: Ball 2-1: Ball 3-1: Swinging Strike 3-2: Ground out 6-3 (Groundball, 6, EV 106.9 MPH)
|
Bottom of the 4th over - 0 runs, 0 hits, 0 errors, 1 left on base; Washington 1 - Medford 0 |
TOP OF THE 5TH |
Washington Whalers batting - Pitching for Medford Alouettes : RHP Cruz Flores
|
Batting: RHB Nick Baker
|
0-0: Ball 1-0: Called Strike 1-1: Ball 2-1: Called Strike 2-2: Ground out 5-3 (Groundball, 56S, EV 91.9 MPH)
|
Batting: LHB Humberto Avello
|
0-0: DOUBLE (Line Drive, 9LS, EV 110.6 MPH)
|
Batting: RHB Steven Estes
|
0-0: Swinging Strike 0-1: Ball 1-1: Ball 2-1: Ground out 5-3 (Groundball, 56S, EV 86.9 MPH)
|
Batting: RHB Bill Galdamez
|
0-0: Ball 1-0: Ball 2-0: Called Strike 2-1: Called Strike 2-2: Ball Wild Pitch! Humberto Avello to third 3-2: Fly out, F8 (Flyball, 89S, EV 94.4 MPH)
|
Top of the 5th over - 0 runs, 1 hit, 0 errors, 1 left on base; Washington 1 - Medford 0 |
BOTTOM OF THE 5TH |
Medford Alouettes batting - Pitching for Washington Whalers : RHP Jon Large
|
Batting: RHB Chris Armstrong
|
0-0: Fly out, F3 (Popup, 34, EV 73.1 MPH)
|
Batting: RHB Zion Cummings
|
0-0: SINGLE (Line Drive, 34D, EV 96.3 MPH)
|
Batting: RHB Bobby Parrish
|
0-0: Foul Ball, location: 2F 0-1: Called Strike 0-2: Ball 1-2: Ball 2-2: Fielders Choice at 2nd, 6-4 (Groundball, 6, EV 86.3 MPH)
|
Batting: RHB Omar Sosa
|
0-0: Ball 1-0: Called Strike 1-1: Foul Ball, location: 5FF 1-2: Foul Ball, location: 3F 1-2: Foul Ball, location: 2F 1-2: Ball 2-2: Ball 3-2: SINGLE (Line Drive, 6MD, EV 95.6 MPH) Bobby Parrish to second Bobby Parrish to third
|
Batting: SHB Luis Medina
|
0-0: Ball 1-0: Ball 2-0: Called Strike 2-1: Swinging Strike 2-2: Ground out 1-3 (Groundball, 34S, EV 70.0 MPH)
|
Bottom of the 5th over - 0 runs, 2 hits, 0 errors, 2 left on base; Washington 1 - Medford 0 |
TOP OF THE 6TH |
Washington Whalers batting - Pitching for Medford Alouettes : RHP Cruz Flores
|
Batting: RHB Brian Steil
|
0-0: Ball 1-0: Swinging Strike 1-1: Ball 2-1: Ball 3-1: Base on Balls
|
Batting: LHB Caleb Mattingly
|
0-0: Ball 1-0: Ball 2-0: Called Strike 2-1: Fly out, F8 (Flyball, 8LXD, EV 101.9 MPH)
|
Batting: LHB Antonio Velez
|
0-0: Called Strike 0-1: Ball 1-1: Foul Ball, location: 2F 1-2: Foul Ball, location: 7LDF 1-2: Strikes out swinging
|
Batting: RHB Michinobu Umetsu
|
0-0: Ball 1-0: Ball 2-0: Swinging Strike 2-1: Ball 3-1: Fly out, F8 (Line Drive, 78M, EV 95.0 MPH)
|
Top of the 6th over - 0 runs, 0 hits, 0 errors, 1 left on base; Washington 1 - Medford 0 |
BOTTOM OF THE 6TH |
Medford Alouettes batting - Pitching for Washington Whalers : RHP Jon Large
|
Batting: RHB Brandon Murray
|
0-0: Called Strike 0-1: SOLO HOME RUN (Flyball, 78XD, EV 106.9 MPH), Distance : 414 ft
|
Batting: RHB Bob Sellers
|
0-0: Called Strike 0-1: Hit by Pitch
|
Batting: RHB Pablo Felix
|
0-0: Ball 1-0: Foul Ball, location: 2F 1-1: Called Strike 1-2: Ball 2-2: Foul Ball, location: 2F 2-2: Strikes out swinging
|
Pitching: RHP Dave Salyer
|
|
Batting: RHB Allen Woodall
|
0-0: Called Strike 0-1: Foul Ball, location: 25FF 0-2: Ball 1-2: Fly out, F2 (Popup, 2LF, EV 88.8 MPH)
|
Batting: RHB Chris Armstrong
|
0-0: Ball 1-0: Fly out, F4 (Popup, 4D, EV 63.1 MPH)
|
Bottom of the 6th over - 1 run, 1 hit, 0 errors, 1 left on base; Washington 1 - Medford 1 |
TOP OF THE 7TH |
Washington Whalers batting - Pitching for Medford Alouettes : RHP Cruz Flores
|
Pitching: RHP Adam Hunter
|
|
Batting: LHB Matt DeVito
|
0-0: Ball 1-0: Foul Ball, location: 2F 1-1: Foul Ball, location: 3DF 1-2: Strikes out looking
|
Batting: RHB Nick Baker
|
0-0: Called Strike 0-1: Ground out U3 (Groundball, 34, EV 86.9 MPH)
|
Batting: LHB Humberto Avello
|
0-0: Ground out U3 (Groundball, 34S, EV 83.8 MPH)
|
Top of the 7th over - 0 runs, 0 hits, 0 errors, 0 left on base; Washington 1 - Medford 1 |
BOTTOM OF THE 7TH |
Medford Alouettes batting - Pitching for Washington Whalers : RHP Dave Salyer
|
Batting: RHB Zion Cummings
|
0-0: Called Strike 0-1: Called Strike 0-2: Ball 1-2: Ball 2-2: Ball 3-2: Strikes out looking
|
Batting: RHB Bobby Parrish
|
0-0: Swinging Strike 0-1: Swinging Strike 0-2: Ball 1-2: Foul Ball, location: 2F 1-2: Strikes out swinging
|
Batting: RHB Omar Sosa
|
0-0: Foul Ball, location: 9LDF 0-1: Foul Ball, location: 9LMF 0-2: Ball 1-2: Fly out, F7 (Flyball, 78S, EV 72.5 MPH)
|
Bottom of the 7th over - 0 runs, 0 hits, 0 errors, 0 left on base; Washington 1 - Medford 1 |
TOP OF THE 8TH |
Washington Whalers batting - Pitching for Medford Alouettes : RHP Adam Hunter
|
Batting: LHB Manuel Fuentes
|
0-0: Fly out, F7 (Flyball, 78S, EV 96.9 MPH)
|
Batting: RHB Bill Galdamez
|
0-0: Ball 1-0: Ball 2-0: Ball 3-0: Called Strike 3-1: Base on Balls
|
Batting: RHB Brian Steil
|
0-0: Called Strike 0-1: Swinging Strike 0-2: Strikes out looking
|
Batting: LHB Caleb Mattingly
|
0-0: Called Strike 0-1: SINGLE (Groundball, 56D, EV 105.0 MPH) Bill Galdamez to second
|
Batting: LHB Antonio Velez
|
0-0: Foul Ball, location: 2F 0-1: DOUBLE (Line Drive, 89XD, EV 103.1 MPH) Bill Galdamez scores Caleb Mattingly to third Runner from 3rd tries for Home, SAFE, no throw by CF
|
Batting: RHB Michinobu Umetsu
|
0-0: Ball 1-0: Swinging Strike 1-1: Ball 2-1: Foul Ball, location: 2F 2-2: Ball 3-2: Foul Ball, location: 7LMF 3-2: Base on Balls
|
Pitching: RHP Kevin Huddleston
|
|
Batting: LHB Matt DeVito
|
0-0: Ball 1-0: Called Strike 1-1: Fly out, F7 (Flyball, 78D, EV 96.3 MPH)
|
Top of the 8th over - 2 runs, 2 hits, 0 errors, 2 left on base; Washington 3 - Medford 1 |
BOTTOM OF THE 8TH |
Medford Alouettes batting - Pitching for Washington Whalers : RHP Dave Salyer
|
Batting: SHB Luis Medina
|
0-0: Ground out 6-3 (Groundball, 6, EV 83.8 MPH)
|
Batting: RHB Brandon Murray
|
0-0: Swinging Strike 0-1: Ball 1-1: Ball 2-1: Called Strike 2-2: Foul Ball, location: 2F 2-2: Ball 3-2: Strikes out swinging
|
Batting: RHB Bob Sellers
|
0-0: Called Strike 0-1: Foul Ball, location: 2F 0-2: Foul Ball, location: 9LMF 0-2: Strikes out looking
|
Bottom of the 8th over - 0 runs, 0 hits, 0 errors, 0 left on base; Washington 3 - Medford 1 |
TOP OF THE 9TH |
Washington Whalers batting - Pitching for Medford Alouettes : RHP Kevin Huddleston
|
Batting: RHB Nick Baker
|
0-0: Ball 1-0: Ball 2-0: Called Strike 2-1: Called Strike 2-2: Foul Ball, location: 7LSF 2-2: Foul Ball, location: 2F 2-2: Foul Ball, location: 9LDF 2-2: Ball 3-2: Strikes out swinging
|
Batting: LHB Humberto Avello
|
0-0: Called Strike 0-1: Ball 1-1: Ball 2-1: Called Strike 2-2: Strikes out swinging
|
Batting: LHB Manuel Fuentes
|
0-0: Ball 1-0: Foul Ball, location: 3DF 1-1: Swinging Strike 1-2: Ball 2-2: Strikes out swinging
|
Top of the 9th over - 0 runs, 0 hits, 0 errors, 0 left on base; Washington 3 - Medford 1 |
BOTTOM OF THE 9TH |
Medford Alouettes batting - Pitching for Washington Whalers : RHP Dave Salyer
|
Pitching: RHP Mike Fluitt
|
|
Batting: RHB Pablo Felix
|
0-0: Ball 1-0: Swinging Strike 1-1: Swinging Strike 1-2: Ball 2-2: Strikes out swinging
|
Batting: RHB Allen Woodall
|
0-0: Ball 1-0: SINGLE (Flyball, 8RS, EV 96.9 MPH)
|
Batting: RHB Chris Armstrong
|
0-0: Ball 1-0: Foul Ball, location: 2F 1-1: Swinging Strike 1-2: Ball 2-2: Foul Ball, location: 23FF 2-2: Fly out, F9 (Flyball, 9, EV 86.9 MPH)
|
Pinch Hitting: LHB Danny Adame
|
0-0: SINGLE (Line Drive, 89S, EV 91.3 MPH) Allen Woodall to second
|
Pinch Hitting: RHB Peter Pinard
|
0-0: Called Strike 0-1: Ball 1-1: Fielders Choice at 2nd, U4 (Groundball, 4M, EV 88.1 MPH)
|
Bottom of the 9th over - 0 runs, 2 hits, 0 errors, 2 left on base; Washington 3 - Medford 1 |
|